AoeStats
← Jaimeka 3K

Arena

508552038Analyzed
2v2 RM · 9d ago on Sep 23, 2026· 81m 14s· 4 players
Game mode
Random Map
Map size
Medium (4 player)
Population
200
Speed
Normal
Resources
Standard
Victory
Conquest
Starting age
Dark Age
Ending age
Imperial Age
RankedLock teamsTeams togetherTeam positionsShared explorationLock speedFull tech treeHidden civsTurbo modeCheats
Victory
Defeat
🇺🇸 Celts · United States
779
+19
🇺🇸 Bohemians · United States
779
+19
🇨🇱 Ethiopians · Chile
851
-19
🇨🇱 Spanish · Chile
839
-19
AndreTheGiant34
15:08 Feudal Age
15:49 Double-Bit Axe
15:47 Horse Collar
16:03 Stone Mining
16:04 Gold Mining
21:05 Castle Age
22:18 Bow Saw
23:00 Loom
24:40 Gold Shaft Mining
25:09 Wheelbarrow
30:08 Imperial Age
30:43 Murder Holes
32:20 Hand Cart
37:10 Heavy Plow
37:27 Man-at-Arms
39:38 Long Swordsman
40:54 Forging
40:44 Scale Mail Armor
44:48 Fletching
51:27 Bodkin Arrow
51:32 Padded Archer Armor
50:55 Elite Skirmisher
53:14 Leather Archer Armor
53:52 Two-Handed Swordsman
56:16 Fortified Wall
56:07 Town Watch
55:44 Two-Handed Swordsman
56:12 Gambesons
56:16 Arson
59:26 Town Patrol
60:02 Pikeman
62:17 Iron Casting
64:31 Stone Shaft Mining
65:02 Champion
66:48 Blast Furnace
66:03 Chain Mail Armor
69:02 Halberdier
70:16 Plate Mail Armor
70:28 Ring Archer Armor
70:31 Ballistics
70:19 Siege Engineers
72:56 Conscription
75:27 Scale Barding Armor
75:45 Stronghold
76:56 Furor Celtica
79:10 Caravan
80:18 Heated Shot
bt.wall.20
11:01 Feudal Age
11:49 Loom
17:11 Castle Age
15:07 Horse Collar
15:38 Double-Bit Axe
18:55 Heavy Plow
19:11 Fervor
26:42 Imperial Age
25:31 Bow Saw
27:56 Conscription
28:23 Wheelbarrow
29:12 Chemistry
29:04 Padded Archer Armor
28:52 Elite Skirmisher
30:00 Wagenburg Tactics
30:18 Leather Archer Armor
31:17 Pikeman
31:57 Squires
33:23 Siege Engineers
33:31 Masonry
34:23 Scale Mail Armor
36:08 Husbandry
36:48 Murder Holes
37:47 Fortified Wall
38:56 Hand Cart
38:19 Houfnice
39:42 Forging
39:49 Chain Mail Armor
40:05 Ring Archer Armor
39:59 Town Watch
42:35 Town Patrol
42:20 Halberdier
43:48 Iron Casting
43:20 Scale Barding Armor
43:09 Light Cavalry
48:22 Blast Furnace
47:54 Plate Mail Armor
50:53 Two-Man Saw
50:16 Chain Barding Armor
53:14 Elite Hussite Wagon
73:42 Heavy Scorpion
Jaimeka 3K
0:31 Loom
12:27 Feudal Age
13:44 Wheelbarrow
12:58 Double-Bit Axe
13:05 Horse Collar
18:27 Stone Mining
21:27 Castle Age
19:48 Gold Mining
21:14 Fletching
21:47 Crossbowman
23:28 Hand Cart
23:50 Forging
23:40 Scale Mail Armor
24:49 Thumb Ring
31:50 Imperial Age
30:52 Padded Archer Armor
30:53 Arson
33:25 Conscription
33:45 Iron Casting
33:25 Chain Mail Armor
33:16 Squires
35:09 Chemistry
34:38 Heavy Plow
37:11 Gold Shaft Mining
38:49 Ballistics
38:26 Murder Holes
40:12 Heated Shot
41:29 Blast Furnace
43:46 Royal Heirs
45:15 Arbalester
50:01 Stone Shaft Mining
53:41 Elite Shotel Warrior
54:52 Leather Archer Armor
60:51 Ring Archer Armor
60:16 Bodkin Arrow
68:06 Plate Mail Armor
67:36 Bracer
67:49 Masonry
TheSeb
0:29 Loom
11:24 Feudal Age
12:03 Double-Bit Axe
14:33 Wheelbarrow
14:46 Gold Mining
14:49 Stone Mining
19:11 Horse Collar
22:30 Castle Age
21:06 Scale Barding Armor
21:42 Forging
24:27 Town Watch
33:23 Chain Barding Armor
33:39 Iron Casting
33:55 Hand Cart
40:24 Imperial Age
42:18 Chemistry
41:53 Fortified Wall
46:08 Cavalier
77:11 Light Cavalry
Connection lost

Rejoining the realm…

Still unreachable

The connection could not be restored.

Session expired

The server has moved on; the page needs a fresh start.